 Dungeon Crawl Stone Soup version 0.31-a0-145-g046c7d2549 (webtiles) character file.

Game seed: 16341752758744945816

181987 qw the Crack Shot (level 17, -6/169 (173) HPs)
             Began as a Minotaur Hunter on June 7, 2023.
             Was an Elder of Okawaru.
             Mangled by a jorogumo (8 damage)
             ... on level 4 of the Spider Nest.
             The game lasted 00:13:52 (30841 turns).

qw the Crack Shot (Minotaur Hunter)                Turns: 30841, Time: 00:13:52

HP:   -6/169 (173)  AC: 26    Str: 23    XL:     17   Next: 69%
MP:   0/7           EV: 29    Int:  6    God:    Okawaru [****..]
Gold: 881           SH:  0    Dex: 16    Spells: 16/16 levels left

rFire   . . .        l - +2 triple crossbow of the Thieving Genius {antimagic, rElec}
rCold   . . .        (shield currently unavailable)
rNeg    . . .        g - +5 robe of Night {Dark Will+ SInv}
rPois   +            (helmet unavailable)
rElec   +            i - +2 cloak
rCorr   +            w - +2 pair of gloves
SInv    +            z - +1 pair of boots "Sixzaall" {rPois rCorr Str+4 Dex-3}
Will    ++...        A - amulet of faith
Stlth   +++          D - ring of the Tortoise {AC+8}
HPRegen 0.48/turn    t - +5 ring of evasion
MPRegen 0.10/turn

%: faith
@: lethally poisoned (-6 -> -16), about to teleport, heroic, lightly drained
A: horns 3, retaliatory headbutt
a: Renounce Religion, Heroism, Finesse


You were on level 4 of the Spider Nest.
You worshipped Okawaru.
Okawaru was greatly pleased with you.
You visited 6 branches of the dungeon, and saw 30 of its levels.

You collected 3137 gold pieces.
You spent 2256 gold pieces at shops.


Innate Abilities, Weirdness & Mutations

You have a pair of large horns on your head.
You reflexively headbutt those who attack you in melee.


   Skills:
 - Level 21.0(26.0) Fighting
 - Level 22.0(27) Ranged Weapons
 - Level 9.0(14.0) Armour
 + Level 15.9(20.9) Dodging
 - Level 0.7(5.7) Stealth
 - Level 10.0 Invocations


You had 16 spell levels left.
You didn't know any spells.
Your spell library was empty.

Inventory:

Hand Weapons
 l - the +2 triple crossbow of the Thieving Genius (weapon) {antimagic, rElec}
   (Okawaru gifted it to you on level 5 of the Lair of Beasts)

   rElec:     It insulates you from electricity.
 v - the +4 orcbow of Nepis {drain, rC- Str+4 SInv}
   (You bought it in a shop on level 13 of the Dungeon)

   Str:       It affects your strength (+4).
   rC:        It makes you vulnerable to cold.
   SInv:      It lets you see invisible.
 x - a +7 heavy orcbow
Armour
 d - the +5 robe of the Depths {Str+4 SInv}
   (You found it on level 7 of the Dungeon)

   Str:       It affects your strength (+4).
   SInv:      It lets you see invisible.
 f - a +0 pair of boots
 g - the +5 robe of Night (worn) {Dark Will+ SInv}
   (You found it on level 3 of the Dungeon)

   Dark:      It shrouds the wearer in darkness, reducing the range at which
   they can see and be seen by others.
   SInv:      It lets you see invisible.
   Will:      It increases your willpower.
 i - a +2 cloak (worn)
 k - a +1 robe of resistance
 p - a +0 troll leather armour
 w - a +2 pair of gloves (worn)
 y - a +0 leather armour of fire resistance
 z - the +1 pair of boots "Sixzaall" (worn) {rPois rCorr Str+4 Dex-3}
   (You bought it in a shop on level 2 of the Orcish Mines)

   Str:       It affects your strength (+4).
   Dex:       It affects your dexterity (-3).
   rPois:     It protects you from poison.
   rCorr:     It protects you from acid and corrosion.
 B - the +2 robe "Rirint" {*Corrode rN++ Regen+ Dex+2}
   (You found it on level 2 of the Spider Nest)

   Dex:       It affects your dexterity (+2).
   rN:        It greatly protects you from negative energy.
   Regen:     It increases your rate of health regeneration.
   *Corrode:  It may corrode you when you take damage.
Jewellery
 e - an amulet of regeneration
 j - a ring of protection from fire
 t - a +5 ring of evasion (right hand)
 A - an amulet of faith (around neck)
 D - the ring of the Tortoise (left hand) {AC+8}
   (You found it on level 1 of the Shoals)

   [ring of protection]

   AC:        It affects your AC (+8).
Wands
 r - a wand of digging (3)
Scrolls
 a - 12 scrolls of identify
 b - a scroll of enchant armour
 o - 9 scrolls of teleportation
 C - a scroll of enchant weapon
Potions
 c - 16 potions of curing
 h - 6 potions of might
 m - 2 potions of magic
 n - a potion of cancellation
 q - 9 potions of mutation
 s - a potion of haste
 u - 4 potions of heal wounds

Dungeon Overview and Level Annotations

Branches:
Dungeon (15/15)            Temple (1/1) D:4            Lair (5/5) D:10
 Shoals (3/4) Lair:2       Spider (4/4) Lair:3        Slime (0/5) Lair:4
    Orc (2/2) D:10            Elf (0/3) Orc:2        Vaults (0/5) D:13
 Depths (0/4) D:15

Altars:
Ashenzari
Cheibriados
Dithmenos
Elyvilon
Fedhas
Gozag
Hepliaklqana
Kikubaaqudgha
Makhleb
Nemelex Xobeh
Okawaru
Qazlal
Ru
Sif Muna
Trog
Uskayaw
Vehumet
Wu Jian
Xom
Yredelemnul
Zin
The Shining One

Shops:
D:12 !   D:13 (   Orc:1 !   Orc:2 [(*=(   Shoals:2 **

Annotations:
D:4 1 runed translucent door, qw's ghost, amateur GrFi
D:13 1 transporter
Lair:5 2 runed translucent doors
Shoals:1 2 transporters


Message History

A redback comes into view.
The radroach bites you! The radroach claws you! The radroach bites you!
The radroach claws you but does no damage.
An orb spider comes into view.
You feel very sick. The ghost moth stares at you.
The jorogumo hits you but does no damage.
The radroach bites you but does no damage.
The radroach claws you but does no damage.
The radroach bites you but does no damage.
The radroach claws you but does no damage.
The wolf spider barely misses you.
The wolf spider bites you but does no damage.
The jumping spider leaps!
The jorogumo casts a spell at you. The bolt of negative energy hits you!
You feel drained. The ghost moth stares at you.
You feel very sick.
The wolf spider hits you but does no damage.
The wolf spider bites you but does no damage.
The wolf spider hits you! The wolf spider bites you!
The broodmother bites you but does no damage.
The radroach bites you!
The radroach claws you but does no damage.
The radroach bites you but does no damage.
The radroach claws you but does no damage.
The ghost moth stares at you. The jorogumo hits you!
You can move again.
30841 ||| READING 10 scrolls of teleportation.
As you read the scroll of teleportation, it crumbles to dust.
You feel strangely unstable.
You feel very sick. The wolf spider misses you.
The wolf spider bites you but does no damage.
The wolf spider hits you. The wolf spider closely misses you.
The broodmother misses you. The radroach misses you. You furiously retaliate!
You headbutt the radroach!! The radroach completely misses you.
The radroach bites you! The radroach misses you. The jorogumo hits you!
You die...

..... s..^.
^...^^^.....
.....#~s..^.
....s#sy..^#
..syBBss...#
#@HsB..^
#sss..#
#ss^..##
#....^.#
##^......
#^~......
#.......^
#^.....^#
#~......#


You could see a broodmother, a jorogumo, 2 radroaches, a ghost moth (invisible),
a spark wasp, 4 wolf spiders, an orb spider, 4 culicivoras, a pharaoh ant, a
jumping spider and 2 redbacks.

Vanquished Creatures
  Nikola (Shoals:1)
  Jorgrun (Spider:1)
  Rupert (Spider:1)
  Mlioglotl (Shoals:2)
  A kraken (Shoals:3)
  Donald (Shoals:1)
  Roxanne (Spider:1)
  Aizul (Spider:4)
  4 emperor scorpions
  3 ghost moths
  3 orc warlords (Orc:2)
  5 broodmothers
  A stone giant (D:15)
  5 spark wasps
  5 merfolk impalers
  An ettin (Orc:2)
  Josephine (D:13)
  3 entropy weavers
  A vault guard (D:13)
  Fannar (D:10)
  4 merfolk avatars
  A radroach (Spider:4)
  4 hydras
  3 boulder beetles
  3 catoblepae
  6 centaur warriors
  6 two-headed ogres
  A merfolk aquamancer (Shoals:2)
  8 tengu warriors
  An orc high priest (Orc:2)
  2 demonic crawlers
  Sonja (D:13)
  A sun moth (Spider:1)
  4 pharaoh ants
  3 skysharks
  3 sea snakes
  A fire crab (Lair:5)
  4 orb spiders
  A wizard (D:14)
  6 steelbarb worms
  14 harpies
  6 orc knights (Orc:2)
  12 ugly things
  8 cyclopes
  5 orc sorcerers (Orc:2)
  3 fauns
  11 wolf spiders
  8 manticores
  4 moths of wrath
  4 gargoyles
  6 merfolk sirens
  Maurice (D:11)
  11 elephants
  3 orange demons (D:9)
  A molten gargoyle (Lair:5)
  7 black mambas
  20 cane toads
  A cane toad (shapeshifter) (D:15)
  3 water nymphs
  3 torpor snails
  A smoke demon (D:9)
  A yaktaur (D:13)
  A red devil (D:9)
  An efreet (D:14)
  3 freezing wraiths
  5 tengu conjurers
  9 komodo dragons
  2 ice devils (D:9)
  2 burning bushes (Lair:1)
  4 meliai
  2 wind drakes
  A hellwing (D:9)
  8 polar bears
  21 merfolk
  A queen bee (Spider:3)
  10 trolls
  A raiju (shapeshifter) (D:13)
  18 tarantellas
  A hornet (D:10)
  4 snapping turtles
  15 blink frogs
  25 slime creatures
  18 jumping spiders
  2 shadows (D:11)
  14 culicivoras
  A shapeshifter (D:14)
  9 wyverns
  7 wraiths
  A vampire (D:11)
  A ynoxinul (D:9)
  3 basilisks
  A steam dragon (Lair:5)
  Eustachio (D:3)
  55 redbacks
  5 water elementals
  73 yaks
  6 vampire mosquitoes
  2 chaos spawn (D:9)
  5 acid dragons
  4 wargs (Orc:2)
  4 hell hounds (Lair:5)
  17 water moccasins
  A water moccasin (shapeshifter) (D:13)
  3 black bears
  2 ice beasts
  47 orc warriors
  A black bear (shapeshifter) (D:14)
  7 ogres
  10 wolves
  10 centaurs
  4 phantoms
  5 kobold brigands
  A gnoll sergeant (D:11)
  7 scorpions
  12 bullfrogs
  15 wights
  22 killer bees
  10 electric eels
  A vampire bat (D:6)
  4 howler monkeys
  A quasit (D:9)
  5 lava snakes (Lair:5)
  7 jellies
  3 gnoll boudas
  19 orc priests
  4 hounds
  Ijyb (D:3)
  4 iguanas
  23 orc wizards
  11 hell rats
  Robin (D:3)
  14 gnolls
  7 adders
  A white imp (D:6)
  An ufetubus (D:6)
  3 worms (D:2)
  A dart slug (D:4)
  90 orcs
  5 ball pythons
  11 bats
  24 endoplasms
  4 giant cockroaches
  9 goblins
  13 hobgoblins
  23 kobolds
  3 quokkas
  3 frilled lizards
  2 rats
  4 tentacles (Shoals:3)
1059 creatures vanquished.

Vanquished Creatures (others)
  A hell hound (Lair:5)
  2 tentacles (Shoals:3)
3 creatures vanquished.

Grand Total: 1062 creatures vanquished

Notes
Turn   | Place    | Note
-------+----------+-------------------------------------------
     0 | D:1      | qw the Minotaur Hunter began the quest for the Orb.
     0 | D:1      | Reached XP level 1. HP: 18/18 MP: 0/0
     0 | D:1      | 0 ||| qw: Version: 0.2-a-117-gc6b5c8b
     0 | D:1      | 0 ||| qw: Game counter: 2494
     0 | D:1      | 0 ||| qw: Always use a shield: true
     0 | D:1      | 0 ||| qw: God list: Okawaru
     0 | D:1      | 0 ||| qw: Allow faded altars: false
     0 | D:1      | 0 ||| qw: Do Orc after D:15 true
     0 | D:1      | 0 ||| qw: Do second Lair branch before Depths: true
     0 | D:1      | 0 ||| qw: Lair rune preference: random
     0 | D:1      | 0 ||| qw: Plans: Normal
     0 | D:1      | 0 ||| PLANNING D:1-11
   148 | D:1      | Reached XP level 2. HP: 25/25 MP: 1/1
   160 | D:1      | Reached skill level 5 in Ranged Weapons
   363 | D:1      | 363 ||| UPGRADING to +0 ring mail.
   373 | D:1      | 373 ||| DROPPING +0 leather armour.
   374 | D:1      | 374 ||| UPGRADING to +5 ring of evasion.
   375 | D:1      | 375 ||| READING 2 scrolls labelled IDIBRISAMU.
   376 | D:1      | 376 ||| DRINKING 2 fuming puce potions.
   376 | D:1      | Gained mutation: You are occasionally teleported next to
                  | monsters. [potion of mutation]
   376 | D:1      | Gained mutation: You have sharp fingernails. [potion of
                  | mutation]
   377 | D:1      | 377 ||| DRINKING potion of mutation.
   377 | D:1      | Lost mutation: You are occasionally teleported next to
                  | monsters. [potion of mutation]
   377 | D:1      | Lost mutation: You have sharp fingernails. [potion of
                  | mutation]
   377 | D:1      | Gained mutation: You have a pair of large horns on your
                  | head. [potion of mutation]
   378 | D:1      | 378 ||| DROPPING scroll of butterflies.
   473 | D:2      | Reached skill level 1 in Armour
   473 | D:2      | Reached XP level 3. HP: 30/30 MP: 2/2
   478 | D:2      | Reached skill level 3 in Fighting
   689 | D:2      | Reached XP level 4. HP: 34/38 MP: 3/3
   938 | D:2      | 938 ||| READING scroll labelled KUYPLOLUDI.
   939 | D:2      | 939 ||| READING scroll labelled HIXZOL WYH JUXT.
   940 | D:2      | 940 ||| READING scroll labelled MIFEUCZULA.
   941 | D:2      | 941 ||| DRINKING 2 orange potions.
   942 | D:2      | 942 ||| READING 3 scrolls of identify.
   942 | D:2      | 942 ||| IDENTIFYING blue potion
   943 | D:2      | 943 ||| READING 2 scrolls of identify.
   943 | D:2      | 943 ||| IDENTIFYING sedimented inky potion
   944 | D:2      | 944 ||| DROPPING potion of degeneration.
   945 | D:2      | 945 ||| DROPPING potion of ambrosia.
   947 | D:2      | 947 ||| Stepping ~*~*~tactically~*~*~ (cloud).
  1283 | D:3      | Found the +5 robe of Night {Dark Will+ SInv}
  1327 | D:3      | Found a sacrificial altar of Ru.
  1328 | D:3      | Found a broken altar of Ashenzari.
  1334 | D:3      | Found a blossoming altar of Fedhas.
  1335 | D:3      | Found a white marble altar of Elyvilon.
  1337 | D:3      | Found a glowing silver altar of Zin.
  1338 | D:3      | Found a sparkling altar of Nemelex Xobeh.
  1340 | D:3      | Found a radiant altar of Vehumet.
  1344 | D:3      | Found a hide-covered altar of Uskayaw.
  1414 | D:3      | Noticed Ijyb
  1414 | D:3      | Noticed Robin
  1418 | D:3      | 1418 ||| Stepping ~*~*~tactically~*~*~ (outnumbered).
  1429 | D:3      | Killed Ijyb
  1430 | D:3      | Reached skill level 6 in Ranged Weapons
  1437 | D:3      | Killed Robin
  1791 | D:3      | 1791 ||| UPGRADING to +5 robe of Night {Dark Will+ SInv}.
  1801 | D:3      | 1801 ||| DROPPING +0 ring mail.
  1802 | D:3      | 1802 ||| DROPPING ring of magical power.
  1803 | D:3      | 1803 ||| READING scroll labelled VUAZXA EMOTZ.
  1804 | D:3      | 1804 ||| READING 2 scrolls of identify.
  1804 | D:3      | 1804 ||| IDENTIFYING glowing white potion
  1805 | D:3      | 1805 ||| DROPPING potion of enlightenment.
  1889 | D:4      | Reached XP level 5. HP: 45/45 MP: 4/4
  2003 | D:4      | Noticed qw's ghost (amateur GrFi)
  2013 | D:4      | Found a runed translucent door.
  2086 | D:4      | 2086 ||| Stepping ~*~*~tactically~*~*~ (outnumbered).
  2235 | D:4      | Reached skill level 7 in Ranged Weapons
  2271 | D:4      | Found an ancient bone altar of Kikubaaqudgha.
  2442 | D:4      | Reached XP level 6. HP: 47/52 MP: 5/5
  2484 | D:4      | Noticed Eustachio
  2515 | D:4      | 2515 ||| FLEEEEING.
  2516 | D:4      | 2516 ||| FLEEEEING.
  2519 | D:4      | 2519 ||| FLEEEEING.
  2520 | D:4      | 2520 ||| FLEEEEING.
  2521 | D:4      | 2521 ||| FLEEEEING.
  2524 | D:4      | 2524 ||| FLEEEEING.
  2525 | D:4      | 2525 ||| FLEEEEING.
  2526 | D:4      | 2526 ||| FLEEEEING.
  2527 | D:4      | 2527 ||| FLEEEEING.
  2528 | D:4      | 2528 ||| FLEEEEING.
  2529 | D:4      | 2529 ||| FLEEEEING.
  2530 | D:4      | 2530 ||| FLEEEEING.
  2531 | D:4      | 2531 ||| FLEEEEING.
  2532 | D:4      | 2532 ||| FLEEEEING.
  2533 | D:4      | 2533 ||| FLEEEEING.
  2534 | D:4      | 2534 ||| FLEEEEING.
  2535 | D:4      | 2535 ||| FLEEEEING.
  2536 | D:4      | 2536 ||| FLEEEEING.
  2537 | D:4      | 2537 ||| FLEEEEING.
  2538 | D:4      | 2538 ||| FLEEEEING.
  2539 | D:4      | 2539 ||| STAIRDANCE
  2580 | D:3      | 2580 ||| UPGRADING to ring of resist corrosion.
  2581 | D:3      | 2581 ||| DRINKING 3 fizzy emerald potions.
  2582 | D:3      | 2582 ||| READING 3 scrolls of identify.
  2582 | D:3      | 2582 ||| IDENTIFYING black potion
  2583 | D:3      | 2583 ||| READING 2 scrolls of identify.
  2583 | D:3      | 2583 ||| IDENTIFYING purple potion
  2584 | D:3      | 2584 ||| DROPPING potion of brilliance.
  2589 | D:4      | 2589 ||| STAIRDANCE
  2599 | D:3      | Killed Eustachio
  2600 | D:3      | Reached skill level 8 in Ranged Weapons
  2724 | D:4      | Found a staircase to the Ecumenical Temple.
  2725 | D:4      | 2725 ||| PLANNING TEMPLE
  2795 | D:4      | Reached skill level 3 in Dodging
  2803 | D:4      | Reached XP level 7. HP: 20/59 MP: 6/6
  3140 | D:4      | 3140 ||| UPGRADING to amulet of regeneration.
  3145 | D:4      | 3145 ||| READING scroll labelled BERCHE ZEARU LIN.
  3271 | D:5      | Entered Level 5 of the Dungeon
  3317 | D:5      | Found a burning altar of Makhleb.
  3373 | D:5      | 3373 ||| STAIRDANCE
  3388 | Temple   | Entered the Ecumenical Temple
  3398 | Temple   | 3398 ||| PLANNING OKAWARU WORSHIP
  3432 | Temple   | Became a worshipper of Warmaster Okawaru
  3432 | Temple   | 3432 ||| PLANNING D:1-11
  3556 | D:5      | Reached skill level 9 in Ranged Weapons
  3578 | D:5      | 3578 ||| SWAPPING to +0 orcbow.
  3581 | D:5      | Reached skill level 6 in Fighting
  3581 | D:5      | 3581 ||| DROPPING +0 shortbow.
  3698 | D:5      | Reached XP level 8. HP: 71/71 MP: 7/7
  3850 | D:5      | Reached * piety under Okawaru
  4038 | D:5      | Reached skill level 1 in Invocations
  4279 | D:5      | 4279 ||| UPGRADING to +2 cloak.
  4284 | D:5      | 4284 ||| READING scroll labelled MUOFEM ROHOPH.
  4289 | D:5      | 4289 ||| READING 2 scrolls of identify.
  4289 | D:5      | 4289 ||| IDENTIFYING white potion
  4290 | D:5      | 4290 ||| DROPPING potion of attraction.
  4404 | D:6      | 4404 ||| INVOKING Heroism.
  4411 | D:6      | Reached skill level 10 in Ranged Weapons
  4429 | D:6      | 4429 ||| INVOKING Heroism.
  4488 | D:6      | 4488 ||| INVOKING Heroism.
  4489 | D:6      | 4489 ||| Stepping ~*~*~tactically~*~*~ (outnumbered).
  4512 | D:6      | 4512 ||| INVOKING Heroism.
  4565 | D:6      | 4565 ||| INVOKING Heroism.
  4698 | D:6      | 4698 ||| INVOKING Heroism.
  4730 | D:6      | Reached skill level 11 in Ranged Weapons
  4730 | D:6      | Reached XP level 9. HP: 79/79 MP: 10/10
  4799 | D:6      | 4799 ||| Stepping ~*~*~tactically~*~*~ (outnumbered).
  4987 | D:6      | 4987 ||| UPGRADING to ring of protection from cold.
  4989 | D:6      | 4989 ||| READING scroll labelled LOHUEM EKAO.
  4990 | D:6      | 4990 ||| READING scroll labelled IGUCKYNETE.
  5001 | D:7      | Reached skill level 3 in Invocations
  5298 | D:7      | Found an opulent altar of Gozag.
  5468 | D:7      | Identified the +5 robe of the Depths {Str+4 SInv}
  5529 | D:7      | 5529 ||| INVOKING Heroism.
  5680 | D:7      | Found a bloodstained altar of Trog.
  5833 | D:7      | Reached skill level 12 in Ranged Weapons
  5916 | D:7      | 5916 ||| INVOKING Heroism.
  5991 | D:7      | 5991 ||| READING scroll labelled RAIFUALAN.
  5992 | D:7      | 5992 ||| READING 3 scrolls of identify.
  5992 | D:7      | 5992 ||| IDENTIFYING metallic brown potion
  6095 | D:8      | Found a flagged portal.
  6098 | D:8      | 6098 ||| INVOKING Heroism.
  6139 | D:8      | 6139 ||| INVOKING Heroism.
  6157 | D:8      | Reached skill level 6 in Dodging
  6230 | D:8      | Reached ** piety under Okawaru
  6276 | D:8      | Noticed a two-headed ogre
  6277 | D:8      | 6277 ||| INVOKING Heroism.
  6284 | D:8      | Killed a two-headed ogre
  6285 | D:8      | Reached XP level 10. HP: 80/88 MP: 10/12
  6299 | D:8      | Reached skill level 13 in Ranged Weapons
  6380 | D:8      | Reached skill level 9 in Fighting
  6382 | D:8      | Reached *** piety under Okawaru
  6601 | D:8      | Noticed a two-headed ogre
  6602 | D:8      | 6602 ||| INVOKING Heroism.
  6610 | D:8      | Killed a two-headed ogre
  6611 | D:8      | Reached skill level 14 in Ranged Weapons
  7089 | D:8      | 7089 ||| READING scroll labelled TUCIHUSS SUTE.
  7220 | D:9      | 7220 ||| INVOKING Heroism.
  7252 | D:9      | Noticed an orange demon
  7260 | D:9      | 7260 ||| INVOKING Heroism.
  7267 | D:9      | Killed an orange demon
  7286 | D:9      | 7286 ||| READING 2 scrolls of enchant weapon.
  7286 | D:9      | 7286 ||| ENCHANTING +1 heavy orcbow.
  7287 | D:9      | 7287 ||| READING scroll of enchant weapon.
  7287 | D:9      | 7287 ||| ENCHANTING +2 heavy orcbow.
  7291 | D:9      | Noticed a smoke demon
  7296 | D:9      | Killed a smoke demon
  7375 | D:9      | 7375 ||| INVOKING Heroism.
  7383 | D:9      | Received a gift from Okawaru
  7384 | D:9      | Reached XP level 11. HP: 92/100 MP: 11/13
  7423 | D:9      | Reached **** piety under Okawaru
  7540 | D:9      | 7540 ||| INVOKING Heroism.
  7664 | D:9      | 7664 ||| READING scroll of enchant weapon.
  7664 | D:9      | 7664 ||| ENCHANTING +3 heavy orcbow.
  7696 | D:9      | Reached skill level 15 in Ranged Weapons
  7706 | D:9      | 7706 ||| INVOKING Heroism.
  8369 | D:9      | 8369 ||| READING scroll labelled LEMU DOSEBU.
  8370 | D:9      | 8370 ||| READING scroll labelled BONOEK ZEZ ZAD.
  8371 | D:9      | 8371 ||| READING scroll labelled LOIFAC YHIUSEU.
  8408 | D:10     | Entered Level 10 of the Dungeon
  8465 | D:10     | 8465 ||| INVOKING Heroism.
  8466 | D:10     | Received a gift from Okawaru
  8468 | D:10     | Reached skill level 6 in Invocations
  8514 | D:10     | Found a staircase to the Lair.
  8581 | D:10     | Noticed Fannar
  8586 | D:10     | Killed Fannar
  8605 | D:10     | 8605 ||| INVOKING Heroism.
  8624 | D:10     | Reached ***** piety under Okawaru
  8631 | D:10     | 8631 ||| INVOKING Heroism.
  8659 | D:10     | Found a staircase to the Orcish Mines.
  8761 | D:10     | Noticed a two-headed ogre
  8762 | D:10     | 8762 ||| INVOKING Heroism.
  8766 | D:10     | Killed a two-headed ogre
  8849 | D:10     | 8849 ||| INVOKING Heroism.
  8856 | D:10     | Reached skill level 16 in Ranged Weapons
  8972 | D:10     | 8972 ||| INVOKING Heroism.
  9049 | D:10     | Noticed a two-headed ogre
  9050 | D:10     | 9050 ||| INVOKING Heroism.
  9053 | D:10     | Killed a two-headed ogre
  9289 | D:10     | 9289 ||| PLANNING LAIR
  9289 | D:10     | 9289 ||| DROPPING +0 robe of cold resistance.
  9290 | D:10     | 9290 ||| READING 4 scrolls of identify.
  9290 | D:10     | 9290 ||| IDENTIFYING yellow potion
  9316 | Lair:1   | Entered Level 1 of the Lair of Beasts
  9316 | Lair:1   | Noticed a boulder beetle
  9317 | Lair:1   | 9317 ||| INVOKING Heroism.
  9318 | Lair:1   | 9318 ||| INVOKING Finesse.
  9325 | Lair:1   | 9325 ||| STAIRDANCE
  9330 | D:10     | Killed a boulder beetle
  9331 | D:10     | Reached XP level 12. HP: 46/106 MP: 9/17
  9386 | Lair:1   | 9386 ||| STAIRDANCE
  9436 | Lair:1   | 9436 ||| STAIRDANCE
  9503 | Lair:1   | 9503 ||| INVOKING Heroism.
  9675 | Lair:1   | Identified the +1 robe of Gyan {*Corrode rN+++ Dex+6}
  9676 | Lair:1   | 9676 ||| INVOKING Heroism.
  9908 | Lair:1   | 9908 ||| INVOKING Heroism.
  9968 | Lair:1   | Noticed a catoblepas
  9969 | Lair:1   | 9969 ||| INVOKING Heroism.
  9970 | Lair:1   | 9970 ||| INVOKING Finesse.
  9972 | Lair:1   | Killed a catoblepas
  9973 | Lair:1   | Reached skill level 9 in Invocations
 10184 | Lair:2   | 10184 ||| PLANNING GAUNTLET
 10194 | Lair:2   | 10194 ||| READING scroll of enchant weapon.
 10194 | Lair:2   | 10194 ||| ENCHANTING +4 heavy orcbow.
 10317 | Lair:2   | 10317 ||| INVOKING Heroism.
 10320 | Lair:2   | Reached skill level 12 in Fighting
 10377 | Lair:2   | Reached skill level 9 in Dodging
 10392 | Lair:2   | 10392 ||| INVOKING Heroism.
 10393 | Lair:2   | Received a gift from Okawaru
 10604 | Lair:2   | Reached XP level 13. HP: 122/122 MP: 19/19
 10682 | Lair:2   | 10682 ||| Stepping ~*~*~tactically~*~*~ (outnumbered).
 10684 | Lair:2   | 10684 ||| Stepping ~*~*~tactically~*~*~ (outnumbered).
 10686 | Lair:2   | 10686 ||| Stepping ~*~*~tactically~*~*~ (outnumbered).
 10687 | Lair:2   | 10687 ||| Stepping ~*~*~tactically~*~*~ (outnumbered).
 10692 | Lair:2   | 10692 ||| INVOKING Heroism.
 10700 | Lair:2   | HP: 30/122 [merfolk/+0 trident (5)]
 10701 | Lair:2   | 10701 ||| READING 5 scrolls of teleportation.
 10722 | Lair:2   | Reached skill level 3 in Armour
 10744 | Lair:2   | 10744 ||| RIP GAUNTLET
 10777 | Lair:2   | 10777 ||| PLANNING LAIR
 10824 | Lair:2   | Received a gift from Okawaru
 10830 | Lair:2   | 10830 ||| DROPPING +2 heavy orcbow.
 10952 | Lair:2   | Found a staircase to the Shoals.
 10971 | Lair:2   | 10971 ||| INVOKING Heroism.
 10972 | Lair:2   | 10972 ||| INVOKING Finesse.
 11283 | Lair:2   | 11283 ||| DROPPING ring of resist corrosion.
 11284 | Lair:2   | 11284 ||| UPGRADING to +4 ring of protection.
 11286 | Lair:2   | 11286 ||| DROPPING ring of protection from cold.
 11313 | Lair:3   | 11313 ||| INVOKING Heroism.
 11382 | Lair:3   | 11382 ||| INVOKING Heroism.
 11709 | Lair:3   | 11709 ||| INVOKING Heroism.
 11727 | Lair:3   | Found a hole to the Spider Nest.
 12158 | Lair:3   | 12158 ||| DROPPING amulet of guardian spirit.
 12186 | Lair:4   | 12186 ||| READING scroll of enchant weapon.
 12186 | Lair:4   | 12186 ||| ENCHANTING +5 heavy orcbow.
 12210 | Lair:4   | 12210 ||| INVOKING Heroism.
 12211 | Lair:4   | 12211 ||| Stepping ~*~*~tactically~*~*~ (cloud).
 12212 | Lair:4   | 12212 ||| INVOKING Finesse.
 12217 | Lair:4   | 12217 ||| Stepping ~*~*~tactically~*~*~ (cloud).
 12258 | Lair:4   | Found a staircase to the Slime Pits.
 12266 | Lair:4   | 12266 ||| INVOKING Heroism.
 12273 | Lair:4   | Received a gift from Okawaru
 12279 | Lair:4   | 12279 ||| DROPPING +1 heavy arbalest.
 12424 | Lair:4   | 12424 ||| INVOKING Heroism.
 12463 | Lair:4   | Reached skill level 15 in Fighting
 12468 | Lair:4   | 12468 ||| INVOKING Heroism.
 12664 | Lair:4   | 12664 ||| READING scroll labelled PAKHUBLEEZA.
 12675 | Lair:5   | Entered Level 5 of the Lair of Beasts
 12701 | Lair:5   | 12701 ||| INVOKING Heroism.
 12810 | Lair:5   | 12810 ||| INVOKING Heroism.
 12811 | Lair:5   | 12811 ||| INVOKING Finesse.
 12870 | Lair:5   | 12870 ||| INVOKING Heroism.
 12897 | Lair:5   | 12897 ||| INVOKING Finesse.
 12968 | Lair:5   | Reached skill level 12 in Dodging
 13057 | Lair:5   | Reached XP level 14. HP: 138/138 MP: 20/20
 13126 | Lair:5   | Identified the +2 triple crossbow of the Thieving Genius
                  | {antimagic, rElec} (Okawaru gifted it to you on level 5 of
                  | the Lair of Beasts)
 13126 | Lair:5   | Received a gift from Okawaru
 13129 | Lair:5   | 13129 ||| INVOKING Heroism.
 13272 | Lair:5   | 13272 ||| READING scroll of enchant weapon.
 13272 | Lair:5   | 13272 ||| ENCHANTING +6 heavy orcbow.
 13326 | Lair:5   | 13326 ||| INVOKING Heroism.
 13334 | Lair:5   | HP: 28/140 [komodo dragon (10)]
 13335 | Lair:5   | HP: 7/140 [komodo dragon (8)]
 13336 | Lair:5   | HP: 3/140 [basilisk (5)]
 13337 | Lair:5   | HP: 1/140 [basilisk (3)]
 13339 | Lair:5   | 13339 ||| READING 6 scrolls of teleportation.
 13340 | Lair:5   | 13340 ||| DRINKING 2 potions of heal wounds.
 13341 | Lair:5   | 13341 ||| DRINKING potion of heal wounds.
 13679 | Lair:5   | 13679 ||| INVOKING Heroism.
 13722 | Lair:5   | 13722 ||| Stepping ~*~*~tactically~*~*~ (outnumbered).
 13728 | Lair:5   | 13728 ||| INVOKING Heroism.
 13732 | Lair:5   | HP: 32/140 [molten gargoyle/+0 mace (13)]
 13733 | Lair:5   | 13733 ||| READING 5 scrolls of teleportation.
 13733 | Lair:5   | HP: 9/140 [molten gargoyle/+0 mace (8)]
 13734 | Lair:5   | 13734 ||| DRINKING potion of heal wounds.
 13735 | Lair:5   | HP: 3/140 [steam dragon] (2)]
 14025 | Lair:5   | 14025 ||| FLEEEEING.
 14026 | Lair:5   | 14026 ||| FLEEEEING.
 14041 | Lair:5   | Found a large runed translucent door.
 14042 | Lair:5   | Found a large runed translucent door.
 14051 | Lair:5   | 14051 ||| Stepping ~*~*~tactically~*~*~ (outnumbered).
 14291 | Lair:5   | 14291 ||| PLANNING D:1-11
 14291 | Lair:5   | 14291 ||| DROPPING +4 ring of slaying {mikee}.
 14292 | Lair:5   | 14292 ||| READING 4 scrolls of identify.
 14292 | Lair:5   | 14292 ||| IDENTIFYING viscous blue potion
 14333 | Lair:5   | 14333 ||| DROPPING potion of invisibility.
 14868 | D:11     | 14868 ||| Stepping ~*~*~tactically~*~*~ (outnumbered).
 14896 | D:11     | 14896 ||| FLEEEEING.
 14897 | D:11     | 14897 ||| FLEEEEING.
 14899 | D:11     | 14899 ||| FLEEEEING.
 14901 | D:11     | 14901 ||| FLEEEEING.
 14902 | D:11     | 14902 ||| FLEEEEING.
 14903 | D:11     | 14903 ||| FLEEEEING.
 14906 | D:11     | 14906 ||| FLEEEEING.
 14907 | D:11     | 14907 ||| FLEEEEING.
 14908 | D:11     | 14908 ||| FLEEEEING.
 14909 | D:11     | 14909 ||| FLEEEEING.
 14910 | D:11     | 14910 ||| FLEEEEING.
 14919 | D:11     | Noticed Maurice
 14928 | D:11     | Killed Maurice
 15322 | D:11     | 15322 ||| PLANNING D
 15761 | D:12     | Reached skill level 18 in Fighting
 15984 | D:12     | Found Meavinek's Distillery.
 15989 | D:12     | 15989 ||| BUYING potion of cancellation (120 gold).
 15989 | D:12     | Bought a potion of cancellation for 120 gold pieces
 15989 | D:12     | 15989 ||| BUYING potion of curing (45 gold).
 15989 | D:12     | Bought a potion of curing for 45 gold pieces
 15989 | D:12     | 15989 ||| BUYING potion of heal wounds (75 gold).
 15989 | D:12     | Bought a potion of heal wounds for 75 gold pieces
 15989 | D:12     | 15989 ||| BUYING potion of mutation (120 gold).
 15989 | D:12     | Bought a potion of mutation for 120 gold pieces
 15989 | D:12     | 15989 ||| BUYING potion of mutation (120 gold).
 15989 | D:12     | Bought a potion of mutation for 120 gold pieces
 16134 | D:13     | 16134 ||| INVOKING Heroism.
 16135 | D:13     | 16135 ||| INVOKING Finesse.
 16375 | D:13     | 16375 ||| FLEEEEING.
 16531 | D:13     | Noticed Sonja
 16532 | D:13     | 16532 ||| INVOKING Finesse.
 16537 | D:13     | Killed Sonja
 16594 | D:13     | Noticed Josephine
 16603 | D:13     | Killed Josephine
 16666 | D:13     | Found Esayh's Weapon Shop.
 16672 | D:13     | 16672 ||| BUYING +4 orcbow of Nepis {drain, rC- Str+4 SInv}
                  | (427 gold).
 16672 | D:13     | Bought the +4 orcbow of Nepis {drain, rC- Str+4 SInv} for
                  | 427 gold pieces
 16695 | D:13     | 16695 ||| INVOKING Heroism.
 16770 | D:13     | Found a gate to the Vaults.
 16860 | D:13     | Found a transporter.
 16864 | D:13     | Noticed a green very ugly thing
 16885 | D:13     | 16885 ||| INVOKING Heroism.
 17003 | D:13     | Noticed a brown very ugly thing
 17189 | D:13     | 17189 ||| DROPPING +3 ring mail.
 17190 | D:13     | 17190 ||| READING 5 scrolls of identify.
 17190 | D:13     | 17190 ||| IDENTIFYING lumpy ruby potion
 17191 | D:13     | 17191 ||| DROPPING potion of lignification.
 17352 | D:14     | Reached XP level 15. HP: 152/152 MP: 21/21
 17352 | D:14     | 17352 ||| SWAPPING to +2 triple crossbow of the Thieving
                  | Genius {antimagic, rElec}.
 17362 | D:14     | Identified the +6 scale mail of Philately {rElec rN+ MP+9
                  | Str+3} (Okawaru gifted it to you on level 14 of the
                  | Dungeon)
 17362 | D:14     | Received a gift from Okawaru
 17680 | D:14     | 17680 ||| INVOKING Heroism.
 17709 | D:14     | Identified the +7 falchion of Defenestration {drain, rPois
                  | rF+ rC+ Dex+2}
 18009 | D:14     | 18009 ||| UPGRADING to +0 pair of gloves.
 18014 | D:14     | 18014 ||| READING 3 scrolls of enchant armour.
 18014 | D:14     | 18014 ||| ENCHANTING +0 pair of gloves.
 18015 | D:14     | 18015 ||| READING 2 scrolls of enchant armour.
 18015 | D:14     | 18015 ||| ENCHANTING +1 pair of gloves.
 18016 | D:14     | 18016 ||| READING 4 scrolls of identify.
 18016 | D:14     | 18016 ||| IDENTIFYING fuming orange potion
 18017 | D:14     | 18017 ||| DROPPING potion of berserk rage.
 18048 | D:15     | Entered Level 15 of the Dungeon
 18112 | D:15     | 18112 ||| INVOKING Heroism.
 18242 | D:15     | 18242 ||| Stepping ~*~*~tactically~*~*~ (cloud).
 18406 | D:15     | 18406 ||| INVOKING Heroism.
 18508 | D:15     | Reached skill level 17 in Ranged Weapons
 18509 | D:15     | 18509 ||| INVOKING Heroism.
 18795 | D:15     | Found a hide-covered altar of Uskayaw.
 19003 | D:15     | Found a staircase to the Depths.
 19004 | D:15     | 19004 ||| INVOKING Heroism.
 19343 | D:15     | 19343 ||| PLANNING ORC
 19343 | D:15     | 19343 ||| DROPPING ring of positive energy.
 19493 | Orc:1    | Entered Level 1 of the Orcish Mines
 19493 | Orc:1    | Found Luahuet's Distillery.
 19499 | Orc:1    | 19499 ||| BUYING potion of curing (33 gold).
 19499 | Orc:1    | Bought a potion of curing for 33 gold pieces
 19499 | Orc:1    | 19499 ||| BUYING potion of curing (33 gold).
 19499 | Orc:1    | Bought a potion of curing for 33 gold pieces
 19499 | Orc:1    | 19499 ||| BUYING potion of curing (33 gold).
 19499 | Orc:1    | Bought a potion of curing for 33 gold pieces
 19499 | Orc:1    | 19499 ||| BUYING potion of curing (33 gold).
 19499 | Orc:1    | Bought a potion of curing for 33 gold pieces
 19499 | Orc:1    | 19499 ||| BUYING potion of heal wounds (55 gold).
 19499 | Orc:1    | Bought a potion of heal wounds for 55 gold pieces
 19499 | Orc:1    | 19499 ||| BUYING potion of might (44 gold).
 19499 | Orc:1    | Bought a potion of might for 44 gold pieces
 19542 | Orc:1    | Reached skill level 18 in Ranged Weapons
 20135 | Orc:2    | Entered Level 2 of the Orcish Mines
 20206 | Orc:2    | 20206 ||| INVOKING Heroism.
 20237 | Orc:2    | 20237 ||| INVOKING Heroism.
 20279 | Orc:2    | 20279 ||| INVOKING Heroism.
 20280 | Orc:2    | 20280 ||| INVOKING Finesse.
 20357 | Orc:2    | Found Puxzim's Antique Armour Shoppe.
 20364 | Orc:2    | 20364 ||| BUYING runed leather armour (100 gold).
 20364 | Orc:2    | Bought a runed leather armour for 100 gold pieces
 20370 | Orc:2    | Identified the +6 executioner's axe of the Sea {flame, rC+
                  | Str+2} (Okawaru gifted it to you on level 2 of the Orcish
                  | Mines)
 20370 | Orc:2    | Received a gift from Okawaru
 20378 | Orc:2    | Found Arutiur's General Store.
 20385 | Orc:2    | 20385 ||| BUYING +1 pair of boots "Sixzaall" {rPois rCorr
                  | Str+4 Dex-3} (397 gold).
 20385 | Orc:2    | Bought the +1 pair of boots "Sixzaall" {rPois rCorr Str+4
                  | Dex-3} for 397 gold pieces
 20385 | Orc:2    | 20385 ||| BUYING scroll of identify (28 gold).
 20385 | Orc:2    | Bought a scroll of identify for 28 gold pieces
 20416 | Orc:2    | 20416 ||| INVOKING Heroism.
 20466 | Orc:2    | 20466 ||| INVOKING Heroism.
 20467 | Orc:2    | 20467 ||| INVOKING Finesse.
 20483 | Orc:2    | Reached skill level 19 in Ranged Weapons
 20490 | Orc:2    | 20490 ||| Stepping ~*~*~tactically~*~*~ (outnumbered).
 20496 | Orc:2    | HP: 38/152 [troll[an orc warlord] (11)]
 20497 | Orc:2    | 20497 ||| READING 6 scrolls of teleportation.
 20498 | Orc:2    | 20498 ||| DRINKING 4 potions of heal wounds.
 20502 | Orc:2    | 20502 ||| Stepping ~*~*~tactically~*~*~ (outnumbered).
 20534 | Orc:2    | 20534 ||| INVOKING Heroism.
 20570 | Orc:2    | 20570 ||| INVOKING Heroism.
 20880 | Orc:2    | Found Dipat's Weapon Emporium.
 20957 | Orc:2    | Found Getuanih's Jewellery Shoppe.
 20965 | Orc:2    | 20965 ||| BUYING amulet of faith (560 gold).
 20965 | Orc:2    | Bought an amulet of faith for 560 gold pieces
 20965 | Orc:2    | 20965 ||| SHOPLISTING ring "Ugyg" {rPois rF- Will+ rCorr
                  | Stlth+} (526 gold, have 208).
 20965 | Orc:2    | 20965 ||| SHOPLISTING ring of Locw {Fire rElec rPois Dex-5}
                  | (457 gold, have 208).
 20985 | Orc:2    | 20985 ||| DROPPING +0 leather armour of fire resistance.
 20986 | Orc:2    | 20986 ||| UPGRADING to +1 pair of boots "Sixzaall" {rPois
                  | rCorr Str+4 Dex-3}.
 20991 | Orc:2    | 20991 ||| UPGRADING to amulet of faith.
 21001 | Orc:2    | Found a staircase to the Elven Halls.
 21104 | Orc:2    | Found Seikhle's Antique Weapon Shoppe.
 21286 | Orc:2    | Identified the staff of earth "Ewkomadgh" {Fly SInv}
 21288 | Orc:2    | Identified the +6 war axe of the World {elec, rC+ Str+4}
 21289 | Orc:2    | 21289 ||| PLANNING SPIDER:1-3
 21469 | Spider:1 | Entered Level 1 of the Spider Nest
 21515 | Spider:1 | Noticed Rupert
 21516 | Spider:1 | 21516 ||| INVOKING Heroism.
 21516 | Spider:1 | Noticed Jorgrun
 21521 | Spider:1 | Killed Rupert
 21528 | Spider:1 | Killed Jorgrun
 21633 | Spider:1 | Reached XP level 16. HP: 160/160 MP: 7/22
 21681 | Spider:1 | Identified Roxanne's Handbook of Changes
 21681 | Spider:1 | Noticed Roxanne
 21682 | Spider:1 | 21682 ||| INVOKING Heroism.
 21692 | Spider:1 | Received a gift from Okawaru
 21702 | Spider:1 | Killed Roxanne
 21703 | Spider:1 | Reached skill level 20 in Ranged Weapons
 22006 | Spider:1 | 22006 ||| Stepping ~*~*~tactically~*~*~ (outnumbered).
 22019 | Spider:1 | 22019 ||| INVOKING Heroism.
 22204 | Spider:1 | Identified the +15 plate armour of Haeno {+Inv rF+}
 22414 | Spider:1 | 22414 ||| READING scroll labelled LEUNIN CAYCK.
 22432 | Spider:2 | 22432 ||| STAIRDANCE
 22529 | Spider:2 | 22529 ||| INVOKING Heroism.
 22532 | Spider:2 | 22532 ||| INVOKING Finesse.
 22536 | Spider:2 | 22536 ||| Stepping ~*~*~tactically~*~*~ (outnumbered).
 22630 | Spider:2 | 22630 ||| INVOKING Heroism.
 22947 | Spider:2 | 22947 ||| INVOKING Heroism.
 23189 | Spider:2 | Reached skill level 21 in Ranged Weapons
 23267 | Spider:2 | Identified the +2 robe "Rirint" {*Corrode rN++ Regen+
                  | Dex+2}
 23345 | Spider:2 | 23345 ||| INVOKING Heroism.
 23352 | Spider:2 | 23352 ||| INVOKING Finesse.
 23353 | Spider:2 | 23353 ||| Stepping ~*~*~tactically~*~*~ (outnumbered).
 23359 | Spider:2 | 23359 ||| Stepping ~*~*~tactically~*~*~ (outnumbered).
 23478 | Spider:2 | 23478 ||| INVOKING Heroism.
 23483 | Spider:2 | 23483 ||| INVOKING Finesse.
 23777 | Spider:2 | 23777 ||| DROPPING +1 robe of Gyan {*Corrode rN+++ Dex+6}.
 23843 | Spider:3 | 23843 ||| INVOKING Heroism.
 23847 | Spider:3 | 23847 ||| STAIRDANCE
 24134 | Spider:3 | 24134 ||| INVOKING Heroism.
 24414 | Spider:3 | 24414 ||| INVOKING Heroism.
 24501 | Spider:3 | 24501 ||| INVOKING Heroism.
 24600 | Spider:3 | 24600 ||| INVOKING Heroism.
 24604 | Spider:3 | Reached skill level 22 in Ranged Weapons
 24877 | Spider:3 | 24877 ||| INVOKING Heroism.
 24886 | Spider:3 | Reached skill level 6 in Armour
 25028 | Spider:3 | 25028 ||| INVOKING Heroism.
 25077 | Spider:3 | 25077 ||| INVOKING Heroism.
 25472 | Spider:3 | 25472 ||| STAIRDANCE
 25561 | Spider:3 | 25561 ||| STAIRDANCE
 25620 | Spider:3 | 25620 ||| STAIRDANCE
 25667 | Spider:3 | 25667 ||| STAIRDANCE
 25730 | Spider:3 | 25730 ||| PLANNING SHOALS:1-3
 25860 | Shoals:1 | Entered Level 1 of the Shoals
 25880 | Shoals:1 | 25880 ||| INVOKING Heroism.
 25882 | Shoals:1 | 25882 ||| Stepping ~*~*~tactically~*~*~ (water).
 25997 | Shoals:1 | Found the +4 Cigotuvi's embrace {Corpsefed rMiasma Drain
                  | rN+}
 25999 | Shoals:1 | 25999 ||| INVOKING Heroism.
 26008 | Shoals:1 | Noticed Donald
 26013 | Shoals:1 | 26013 ||| INVOKING Heroism.
 26017 | Shoals:1 | Killed Donald
 26324 | Shoals:1 | 26324 ||| INVOKING Heroism.
 26361 | Shoals:1 | 26361 ||| INVOKING Heroism.
 26399 | Shoals:1 | 26399 ||| Stepping ~*~*~tactically~*~*~ (water).
 26458 | Shoals:1 | 26458 ||| INVOKING Heroism.
 26463 | Shoals:1 | Noticed Nikola
 26473 | Shoals:1 | Killed Nikola
 26655 | Shoals:1 | Found a transporter.
 26716 | Shoals:1 | Found a transporter.
 26813 | Shoals:1 | Found the ring of the Tortoise {AC+8}
 26891 | Shoals:1 | Reached XP level 17. HP: 170/170 MP: 7/23
 27032 | Shoals:1 | 27032 ||| UPGRADING to ring of the Tortoise {AC+8}.
 27034 | Shoals:1 | 27034 ||| UPGRADING to +5 ring of evasion.
 27036 | Shoals:1 | 27036 ||| DROPPING +4 ring of protection.
 27275 | Shoals:2 | 27275 ||| Stepping ~*~*~tactically~*~*~ (outnumbered).
 27315 | Shoals:2 | Noticed Mlioglotl
 27316 | Shoals:2 | 27316 ||| INVOKING Heroism.
 27317 | Shoals:2 | 27317 ||| INVOKING Finesse.
 27321 | Shoals:2 | Killed Mlioglotl
 27508 | Shoals:2 | 27508 ||| INVOKING Heroism.
 27509 | Shoals:2 | 27509 ||| INVOKING Finesse.
 27768 | Shoals:2 | 27768 ||| Stepping ~*~*~tactically~*~*~ (water).
 27780 | Shoals:2 | 27780 ||| INVOKING Heroism.
 27914 | Shoals:2 | Found Giofust's Specific Store.
 27914 | Shoals:2 | Found Wixakoh's General Store.
 27924 | Shoals:2 | 27924 ||| BUYING scroll of teleportation (33 gold).
 27924 | Shoals:2 | Bought a scroll of teleportation for 33 gold pieces
 27953 | Shoals:2 | Identified the +4 war axe of Premature Burial {heavy, Fly
                  | rN++ Dex-2 SInv}
 28125 | Shoals:3 | 28125 ||| INVOKING Heroism.
 28142 | Shoals:3 | 28142 ||| STAIRDANCE
 28339 | Shoals:3 | 28339 ||| STAIRDANCE
 28388 | Shoals:3 | 28388 ||| STAIRDANCE
 28438 | Shoals:3 | Reached skill level 15 in Dodging
 28535 | Shoals:3 | 28535 ||| INVOKING Heroism.
 28536 | Shoals:3 | 28536 ||| INVOKING Finesse.
 28690 | Shoals:3 | 28690 ||| INVOKING Heroism.
 28732 | Shoals:3 | 28732 ||| Stepping ~*~*~tactically~*~*~ (water).
 28876 | Shoals:3 | 28876 ||| INVOKING Heroism.
 28929 | Shoals:3 | 28929 ||| INVOKING Heroism.
 29135 | Shoals:3 | 29135 ||| INVOKING Heroism.
 29180 | Shoals:3 | Noticed a kraken
 29187 | Shoals:3 | Killed a kraken
 29333 | Shoals:3 | 29333 ||| PLANNING SPIDER:4
 29510 | Spider:4 | Entered Level 4 of the Spider Nest
 29511 | Spider:4 | 29511 ||| INVOKING Finesse.
 29518 | Spider:4 | 29518 ||| STAIRDANCE
 29700 | Spider:4 | 29700 ||| STAIRDANCE
 29805 | Spider:4 | 29805 ||| STAIRDANCE
 29829 | Spider:4 | 29829 ||| INVOKING Finesse.
 29833 | Spider:4 | Reached skill level 21 in Fighting
 29834 | Spider:4 | 29834 ||| STAIRDANCE
 30120 | Spider:4 | 30120 ||| FLEEEEING.
 30121 | Spider:4 | 30121 ||| FLEEEEING.
 30122 | Spider:4 | 30122 ||| STAIRDANCE
 30216 | Spider:4 | Reached skill level 9 in Armour
 30432 | Spider:4 | Noticed Aizul
 30433 | Spider:4 | 30433 ||| INVOKING Heroism.
 30442 | Spider:4 | Killed Aizul
 30587 | Spider:4 | 30587 ||| DRINKING 18 potions of curing.
 30587 | Spider:4 | 30587 ||| (to cure confusion)
 30588 | Spider:4 | 30588 ||| DRINKING 17 potions of curing.
 30588 | Spider:4 | 30588 ||| (to cure confusion)
 30589 | Spider:4 | 30589 ||| INVOKING Heroism.
 30624 | Spider:4 | 30624 ||| INVOKING Heroism.
 30826 | Spider:4 | 30826 ||| INVOKING Heroism.
 30838 | Spider:4 | Paralysed by a jorogumo for 3 turns
 30840 | Spider:4 | HP: 40/169 [radroach (14)]
 30841 | Spider:4 | 30841 ||| READING 10 scrolls of teleportation.
 30841 | Spider:4 | HP: 18/169 [wolf spider[a jorogumo] (3)]
 30841 | Spider:4 | HP: 2/169 [radroach (16)]
 30841 | Spider:4 | Mangled by a jorogumo

Levels and vault maps discovered:
D:1:      mrwooster_arrival_statue_2, layout_rooms,
          chequers_serial_rivers_micro_c
D:2:      layout_rooms, minmay_tromino_i4
D:3:      layout_basic, nicolae_overflow_hallway_of_the_gods,
          nicolae_goblin_pals
D:4:      minmay_inner_zag, layout_basic, mainiacjoe_overflow_chevrons,
          minmay_temple_entry_from_below_b, hellmonk_ghost_happy_afterlife,
          uniq_eustachio
D:5:      layout_loops_corners, nicolae_overflow_crystal_walls
D:6:      layout_basic, nicolae_sextant, solitary_fountain, roderic_batcave
D:7:      layout_loops_corners, marbit_many_paths, general_overflow_altar,
          minmay_unpleasant_kobolds
D:8:      layout_cave_pods, enter_bailey_2, serial_park, serial_park_square1
          [serial_park_minivault_5x5_4], serial_park_tiny_2, serial_park_square1
          [serial_park_minivault_5x5_7]
D:9:      layout_loops_corners, serial_demonic, serial_demonic_c,
          serial_demonic_a, serial_demonic_a, serial_demonic_d,
          chequers_serial_rivers_room_a
D:10:     layout_loops_ring, minmay_lair_entry_grove, david_orc_4, uniq_fannar
D:11:     layout_basic, uniq_maurice
D:12:     layout_gridville, serial_shops, nicolae_shop_just_a_little_nook,
          kennysheep_pointless_box
D:13:     gammafunk_corrupted_shrine, layout_irregular_city, david_vaults_5,
          serial_shops, nicolae_shop_hallway_stairs, uniq_josephine, uniq_sonja
D:14:     layout_irregular_city, dk_noncrumbling_2
D:15:     grunt_enter_depths_snipers, layout_stronghold,
          nicolae_uskayaw_en_pointe
Temple:   nicolae_temple_ecumenical_triangle
Lair:1:   layout_chaotic_city, evilmike_ambush [evilmike_ambush_outer_basic,
          evilmike_ambush_inner_pond]
Lair:2:   lemuel_slime, layout_chaotic_city, elwin_shoals_entry_stream,
          gauntlet_entry_generic, beast_lair_carwin_3, grunt_megastairs_1,
          infiniplex_staircase_pool
Lair:3:   layout_regular_city, hellmonk_spider_entry_not_the_bees,
          cheibrodos_lair_lostbears
Lair:4:   layout_big_grid, slime_entry_1, serial_bayou_lagoon_a,
          lemuel_fruit_fields
Lair:5:   cheibrodos_lair_end_hotspot, layout_regular_city
Shoals:1: gammafunk_sealed_arena, layout_shoals, uniq_donald, uniq_nikola
Shoals:2: layout_shoals, nicolae_specific_store, uniq_mlioglotl
Shoals:3: layout_shoals
Spider:1: layout_cave_pods, uniq_jorgrun, uniq_roxanne, uniq_rupert
Spider:2: layout_cave_pods
Spider:3: layout_spider_delve, nicolae_looking_at_the_future,
          nicolae_spider_cling_halls
Spider:4: grunt_spider_rune_parallel, uniq_aizul
Orc:1:    nicolae_orc_accident_1, layout_caves, serial_shops,
          nicolae_shop_industrial_runoff, nicolae_orc_damp_corner
Orc:2:    grunt_orc_cross, layout_caves, special_room, serial_shops,
          nicolae_shop_trees, minmay_orc_treasury

Skill      XL: |  1  2  3  4  5  6  7  8  9 10 11 12 13 14 15 16 17 |
---------------+----------------------------------------------------+-----
Ranged Weapons | 5 6 7 8 9 11 12 14 16 19 22 | 22.0
Armour         | 1 2 3 4 7 9 |  9.0
Fighting       | 3 4 6 7 8 10 13 16 19 20 21 | 21.0
Dodging        | 3 4 6 7 8 9 12 14 15 | 15.9
Invocations    | 2 4 8 10 | 10.0
Stealth        | |  0.7

Action                     |  1- 3 |  4- 6 |  7- 9 | 10-12 | 13-15 | 16-18 || total
---------------------------+-------+-------+-------+-------+-------+-------++-------
   Fire: Shortbow          |    95 |   209 |    64 |       |       |       ||   368
         Orcbow            |       |       |   279 |   509 |   704 |       ||  1492
         Triple crossbow   |       |       |       |       |   490 |   799 ||  1289
 Invoke: Heroism           |       |       |    11 |    20 |    32 |    34 ||    97
         Finesse           |       |       |       |     2 |     8 |     8 ||    18
    Use: Potion            |     2 |     2 |       |       |     4 |     2 ||    10
         Scroll            |     1 |     9 |     7 |     9 |    12 |     2 ||    40
 Armour: Ring mail         |     5 |    11 |       |       |       |       ||    16
         Leather armour    |     1 |       |       |       |       |       ||     1
         Robe              |       |    25 |    37 |    58 |   184 |   237 ||   541
  Dodge: Dodged            |    37 |   143 |   160 |   401 |   898 |   884 ||  2523

Table legend:
 A = Non-vault XP
 B = Vault XP
 C = Vault XP percentage of total XP
 D = Non-vault monster count
 E = Vault monster count
 F = Vault count percentage of total count
                 A         B        C        D         E       F
            +---------+---------+-------+---------+---------+-------
      Total |  197979 |   69490 |  26.0 |     764 |     292 |  27.7
            +---------+---------+-------+---------+---------+-------
        D:1 |      27 |       0 |   0.0 |      15 |       0 |   0.0
        D:2 |      78 |      10 |  11.4 |      16 |       4 |  20.0
        D:3 |      11 |     261 |  96.0 |       8 |       9 |  52.9
        D:4 |     345 |      11 |   3.1 |      24 |       5 |  17.2
        D:5 |     989 |       0 |   0.0 |      17 |       0 |   0.0
        D:6 |    1156 |      69 |   5.6 |      27 |       8 |  22.9
        D:7 |    1176 |     294 |  20.0 |      30 |       7 |  18.9
        D:8 |    4550 |       0 |   0.0 |      38 |       0 |   0.0
        D:9 |    2130 |    3582 |  62.7 |      28 |      12 |  30.0
       D:10 |    3917 |    4894 |  55.5 |      14 |      27 |  65.9
       D:11 |    3662 |     457 |  11.1 |      23 |       1 |   4.2
       D:12 |    6451 |       0 |   0.0 |      22 |       0 |   0.0
       D:13 |    6492 |    7238 |  52.7 |      18 |      16 |  47.1
       D:14 |    8553 |       0 |   0.0 |      23 |       0 |   0.0
       D:15 |   13775 |    2710 |  16.4 |      30 |       3 |   9.1
     Lair:1 |    2919 |     746 |  20.4 |       9 |       3 |  25.0
     Lair:2 |   10265 |    5255 |  33.9 |      46 |      39 |  45.9
     Lair:3 |    2187 |    1968 |  47.4 |       8 |       9 |  52.9
     Lair:4 |    7100 |       0 |   0.0 |      31 |       0 |   0.0
     Lair:5 |   16219 |    6470 |  28.5 |      55 |      25 |  31.2
   Shoals:1 |   10875 |    3551 |  24.6 |      19 |       2 |   9.5
   Shoals:2 |   11196 |    1786 |  13.8 |      24 |       1 |   4.0
   Shoals:3 |   16574 |       0 |   0.0 |      31 |       0 |   0.0
   Spider:1 |    8833 |    5111 |  36.7 |      30 |       3 |   9.1
   Spider:2 |   18012 |       0 |   0.0 |      35 |       0 |   0.0
   Spider:3 |   20192 |    1885 |   8.5 |      52 |      15 |  22.4
   Spider:4 |   15214 |    5654 |  27.1 |      30 |      15 |  33.3
      Orc:1 |    2767 |     541 |  16.4 |      30 |       4 |  11.8
      Orc:2 |    2314 |   16997 |  88.0 |      31 |      84 |  73.0
            +---------+---------+-------+---------+---------+-------
